 Dungeon Crawl Stone Soup version 0.31.0-11-ge490571c62 (webtiles) character file.

Game seed: 7998915181347607346

2649 zenocrate the Covert (level 9, -13/45 HPs)
             Began as a Vine Stalker Enchanter on Jan 26, 2024.
             Was an Initiate of Gozag.
             Mangled by Duvessa
             ... wielding a +2 short sword of electrocution
              (15 damage)
             ... on level 7 of the Dungeon.
             The game lasted 00:09:49 (5306 turns).

zenocrate the Covert (Vine Stalker Enchanter)       Turns: 5306, Time: 00:09:49

Health: -13/45     AC:  8    Str: 11    XL:     9   Next: 62%
Magic:  0/22       EV: 15    Int: 15    God:    Gozag
Gold:   917        SH:  0    Dex: 19    Spells: 3/12 levels left

rFire   + . .        a - +1 short sword (elec)
rCold   . . .        (no shield)
rNeg    . . .        r - +2 robe {rF+}
rPois   .            e - +0 helmet
rElec   .            s - +1 cloak {Stlth+}
rCorr   .            n - +0 pair of gloves
SInv    .            (no boots)
Will    ++...        (no amulet)
Stlth   +++++        d - ring of willpower
HPRegen 1.07/turn    p - ring of magical power
MPRegen 0.18/turn

%: guardian spirit
@: gold aura, invisible
A: fangs 3, regeneration 1, magic shield, antimagic bite, no potion heal 2
a: Renounce Religion, Potion Petition, Call Merchant, Bribe Branch


You were on level 7 of the Dungeon.
You worshipped Gozag.
Gozag was pleased with you.
You visited 2 branches of the dungeon, and saw 8 of its levels.
You also visited: Sewer.

You collected 994 gold pieces.
You paid 77 gold pieces to Gozag.

Inventory:

Hand Weapons
 a - a +1 short sword of electrocution (weapon)
 b - a +0 dagger of venom
 v - a +1 dagger of speed
 w - a +1 dagger
Missiles
 j - 34 poisoned darts (quivered)
 t - a throwing net
 z - 2 boomerangs
 E - a curare-tipped dart
Armour
 e - a +0 helmet (worn)
 n - a +0 pair of gloves (worn)
 r - a +2 robe of fire resistance (worn)
 s - a +1 cloak of stealth (worn)
Jewellery
 d - a ring of willpower (left hand)
 p - a ring of magical power (right hand)
Wands
 o - a wand of iceblast (7)
Scrolls
 h - a scroll of summoning
 i - 2 scrolls of fear
 k - a scroll of revelation
 u - 4 scrolls of teleportation
 y - a scroll of blinking {unknown}
 A - a scroll of poison {unknown}
 B - 2 scrolls of immolation
Potions
 c - a potion of invisibility
 f - a potion of lignification
 g - 2 potions of cancellation
 l - a potion of berserk rage
 m - 6 potions of curing
 q - 3 potions of haste
 x - a potion of resistance
 C - a potion of enlightenment {unknown}
 D - a potion of brilliance {unknown}


   Skills:
 - Level 4.0 Fighting
 + Level 5.6 Short Blades
 + Level 5.3 Dodging
 + Level 8.8 Stealth
 - Level 2.1 Spellcasting
 + Level 6.7 Hexes
 - Level 3.4 Ice Magic
 + Level 3.4 Evocations


You had 3 spell levels left.
You knew the following spells:

 Your Spells              Type           Power      Damage    Failure   Level
a - Ensorcelled Hibernat  Hex/Ice        32%        N/A       4%          2
b - Confusing Touch       Hex            21%        N/A       4%          3
c - Tukima's Dance        Hex            21%        N/A       4%          3
m - Apportation           Tloc           2%         N/A       22%         1

Your spell library contained the following spells:

 Spells                   Type           Power      Damage    Failure   Level
 Dazzling Flash           Conj/Hex       22%        N/A       16%         3
 Necrotise                Necr           4%         1d4       22%         1
 Sting                    Conj/Alch      4%         1d3       22%         1
 Summon Small Mammal      Summ           4%         N/A       22%         1
 Lesser Beckoning         Tloc           2%         N/A       32%         2
 Gell's Gravitas          Tloc           1%         N/A       54%         3
 Teleport Other           Tloc           1%         N/A       54%         3


Dungeon Overview and Level Annotations

Branches:
Dungeon (7/15)             Temple (1/1) D:4           Sewer (visited)

Altars:
Ashenzari
Dithmenos
Elyvilon
Fedhas
Gozag
Kikubaaqudgha
Okawaru
Qazlal
Ru
Uskayaw
Vehumet
Wu Jian
Xom
Zin
The Shining One
Lugonu

Shops:
D:1 :

Annotations:
D:7 Duvessa


Innate Abilities, Weirdness & Mutations

You have razor-sharp teeth.
Your natural rate of healing is unusually fast.
When hurt, damage is shared between your health and your magic reserves.
Your bite disrupts and absorbs the magic of your enemies.
Potions cannot restore your health.


Message History

You hit Duvessa but do no damage. Duvessa closely misses you.
Unknown command.
Casting: Ensorcelled Hibernation (safe; 4% risk of failure)
Confirm with . or Enter, or press ? or * to list all spells.
Your hands begin to glow red.
Duvessa hits you with a +2 short sword of electrocution!
You are electrocuted!!
Duvessa barely misses you.
You hit Duvessa but do no damage. You bite Duvessa. You drain her power.
You feel invigorated.
Duvessa is lightly wounded.
Duvessa hits you with a +2 short sword of electrocution!
Unknown command.
You hit Duvessa but do no damage. Your bite misses Duvessa.
Duvessa is lightly wounded.
Duvessa hits you with a +2 short sword of electrocution.
Unknown command.
You barely miss Duvessa. Your bite misses Duvessa.
Duvessa is lightly wounded.
Duvessa hits you with a +2 short sword of electrocution!!
* * * LOW HITPOINT WARNING * * *
Unknown command.
Unknown command.
Duvessa closely misses you.
Unknown command.
Okay, then.
You fade into invisibility!
Duvessa barely misses you.
Unknown command.
You hit Duvessa but do no damage.
Duvessa appears confused.
Duvessa is lightly wounded.
Duvessa misses you.
Unknown command.
You strike the helpless Duvessa from behind!
You impale Duvessa!! Lightning courses through Duvessa!
Duvessa is severely wounded.
Duvessa hits you with a +2 short sword of electrocution!
* * * LOW HITPOINT WARNING * * *
You are electrocuted!
You die...
Your body crumbles into a pile of gold.

#### #... #.## #.# ##
#.# #.# #.# ### #.##
####.## ..###e#
#...... #.#@##
#.##.## #.#######
#.##.# #.#.....#
#.##.##
#.#.....#####.##..)
###.#.........#.###..
#...#.)...###<#.###.#
#.#.................#
#...###.###.....#####
##..# #.# #..........


You could see Duvessa (berserk, confused, unable to see you).

Vanquished Creatures
  The ghost of jaboo the Cudgeller, an amateur HOMo (D:5)
  A hornet (D:7)
  Grinder (D:3)
  Menkaure (D:6)
  A water moccasin (D:7)
  A black bear (D:6)
  2 ice beasts
  3 ogres
  A centaur (D:6)
  A phantom (D:6)
  3 kobold brigands
  A scorpion (D:6)
  Dowan (D:7)
  A jelly (D:5)
  2 bombardier beetles
  3 hounds
  Crazy Yiuf (D:3)
  An orc priest (D:5)
  A sleepcap (D:5)
  Jessica (D:3)
  2 iguanas
  3 orc wizards
  A hell rat (Sewer)
  5 adders
  11 gnolls
  4 river rats
  A shadow imp (D:5)
  5 dart slugs
  5 ribbon worms
  16 orcs
  A bat (D:1)
  5 endoplasms
  7 giant cockroaches
  4 goblins
  2 hobgoblins
  36 kobolds
  3 quokkas
  8 ball pythons
  2 frilled lizards
  9 rats
158 creatures vanquished.

Notes
Turn   | Place    | Note
-------+----------+-------------------------------------------
     0 | D:1      | zenocrate the Vine Stalker Enchanter began the quest for
                  | the Orb.
     0 | D:1      | Reached XP level 1. HP: 9/9 MP: 4/4
   185 | D:1      | Found Raebbeamn's Book Boutique.
   239 | D:1      | Reached skill level 1 in Short Blades
   293 | D:1      | Reached XP level 2. HP: 13/13 MP: 3/6
   296 | D:1      | Learned a level 2 spell: Ensorcelled Hibernation
   926 | D:1      | Reached skill level 6 in Stealth
   926 | D:1      | Reached XP level 3. HP: 20/20 MP: 7/7
   931 | D:1      | Learned a level 3 spell: Confusing Touch
  1085 | D:2      | Reached XP level 4. HP: 24/24 MP: 8/8
  1387 | D:2      | Found a shimmering altar of Xom.
  1397 | D:2      | Reached XP level 5. HP: 28/28 MP: 5/9
  1669 | D:2      | Learned a level 3 spell: Tukima's Dance
  1927 | D:3      | Noticed Grinder
  1997 | D:3      | Found a shimmering altar of Xom.
  1999 | D:3      | Found a shimmering altar of Xom.
  1999 | D:3      | Found a shimmering altar of Xom.
  2000 | D:3      | Found a shimmering altar of Xom.
  2001 | D:3      | Found a shimmering altar of Xom.
  2001 | D:3      | Found a shimmering altar of Xom.
  2003 | D:3      | Found a shimmering altar of Xom.
  2164 | D:3      | Noticed Jessica
  2169 | D:3      | Killed Jessica
  2170 | D:3      | Reached skill level 5 in Hexes
  2170 | D:3      | Reached XP level 6. HP: 32/32 MP: 10/10
  2369 | D:3      | Killed Grinder
  2385 | D:3      | Found a runed translucent door.
  2386 | D:3      | Noticed Crazy Yiuf
  2438 | D:3      | Reached XP level 7. HP: 37/37 MP: 11/11
  2559 | D:3      | Killed Crazy Yiuf
  2659 | D:4      | Found a radiant altar of Vehumet.
  2674 | D:4      | Found a staircase to the Ecumenical Temple.
  2819 | Temple   | Entered the Ecumenical Temple
  2835 | Temple   | Became a worshipper of Gozag Ym Sagoz the Greedy
  2880 | D:4      | Found a glowing drain.
  2884 | Sewer    | Entered a sewer
  2902 | Sewer    | Reached skill level 7 in Stealth
  3173 | D:4      | Found a white marble altar of Elyvilon.
  3324 | D:4      | Found a broken altar of Ashenzari.
  3473 | D:5      | Entered Level 5 of the Dungeon
  3595 | D:5      | Reached skill level 1 in Evocations
  3781 | D:5      | Gained mutation: You have razor-sharp teeth. [Vine Stalker
                  | growth]
  3781 | D:5      | Reached XP level 8. HP: 39/42 MP: 12/12
  3889 | D:5      | Found a stormy altar of Qazlal.
  3967 | D:5      | Found a sacrificial altar of Ru.
  3992 | D:5      | Found a large runed translucent door.
  3993 | D:5      | Found a large runed translucent door.
  4015 | D:5      | Noticed jaboo's ghost (amateur HOMo)
  4370 | D:5      | Killed jaboo's ghost
  4385 | D:5      | Learned a level 1 spell: Apportation
  4398 | D:6      | Noticed Menkaure
  4400 | D:6      | Killed Menkaure
  4403 | D:6      | Reached skill level 8 in Stealth
  4594 | D:6      | Reached skill level 5 in Short Blades
  4594 | D:6      | Reached XP level 9. HP: 45/45 MP: 13/13
  4764 | D:6      | Found a glowing silver altar of Zin.
  4767 | D:6      | Found an ornate altar of the Wu Jian Council.
  4771 | D:6      | Found a hide-covered altar of Uskayaw.
  4813 | D:6      | Reached skill level 5 in Dodging
  5118 | D:7      | Noticed a hornet
  5125 | D:7      | Killed a hornet
  5293 | D:7      | Noticed Dowan
  5296 | D:7      | Killed Dowan
  5297 | D:7      | Noticed Duvessa
  5306 | D:7      | HP: 2/45 [Duvessa/+2 short sword of electrocution (9)]
  5306 | D:7      | Mangled by Duvessa

Illustrated notes

Levels and vault maps discovered:
D:1:      psy_arrival_statuary, layout_loops_corners, serial_shops,
          nicolae_shop_waterfront, corexii_corridor_pit, chequers_big_river
D:2:      layout_rooms, basic_altar
D:3:      layout_rooms, nicolae_xom_altar_mimics, uniq_jessica, uniq_grinder,
          uniq_crazy_yiuf_cottage
D:4:      layout_basic, elyvilon_altar_3, lemuel_coloured_pillars_altar,
          lemuel_crystal_altar, minmay_temple_entry_purple_smoke,
          gup_sewer_entry_bowl
D:5:      kennysheep_kobold_camp, layout_rooms, grunt_qazlal_clouds,
          nicolae_overflow_crystal_walls, ebering_ghost_disaster_area,
          amcnicky_mini_pool_small
D:6:      layout_rooms, grunt_temple_overflow_diamond, grunt_ministairs_7,
          supply_closet_lemuel, uniq_menkaure
D:7:      layout_loops_ring, chequers_arboretum, uniq_duvessa
Temple:   corrupted_temple

Skill      XL: |  1  2  3  4  5  6  7  8  9 |
---------------+----------------------------+-----
Short Blades   | 1 3 4 5 |  5.6
Fighting       | 3 4 |  4.0
Dodging        | 3 4 5 |  5.3
Stealth        | 6 7 8 |  8.8
Hexes          | 4 5 6 |  6.7
Ice Magic      | 3 |  3.4
Evocations     | 1 2 3 |  3.4
Spellcasting   | |  2.1

Action                     |  1- 3 |  4- 6 |  7- 9 || total
---------------------------+-------+-------+-------++-------
  Melee: Dagger            |    54 |    53 |   138 ||   245
         Bite              |    14 |    14 |    83 ||   111
         Punch             |     1 |     1 |     4 ||     6
         Short sword       |       |       |   170 ||   170
   Cast: Ensorcelled Hiber |     5 |    33 |    48 ||    86
         Confusing Touch   |       |       |     5 ||     5
    Use: Scroll            |     3 |       |    14 ||    17
         Potion            |     1 |       |     1 ||     2
   Stab: Sleeping          |     8 |    25 |    39 ||    72
         Confused          |       |       |     4 ||     4
         Distracted        |       |       |     1 ||     1
         Invisible         |       |       |     1 ||     1
 Armour: Robe              |    20 |    44 |   132 ||   196
  Dodge: Dodged            |    28 |    69 |   169 ||   266
